AoeStats
← K.T.

Arena

505933457Analyzed
2v2 RM · 21d ago on Sep 11, 2026· 45m 8s· 4 players
Game mode
Random Map
Map size
Medium (4 player)
Population
200
Speed
Normal
Resources
Standard
Victory
Conquest
Starting age
Dark Age
Ending age
Imperial Age
RankedLock teamsTeams togetherTeam positionsShared explorationLock speedFull tech treeHidden civsTurbo modeCheats
Victory
Defeat
🇩🇪 Slavs · Germany
1069
+15
🇮🇳 Berbers · India
1064
+16
🇨🇭 Ethiopians · Switzerland
1061
-16
🇨🇭 Aztecs · Switzerland
1053
-15
Monti
10:21 Feudal Age
13:56 Castle Age
12:09 Stone Mining
12:06 Double-Bit Axe
13:22 Loom
15:20 Bow Saw
20:58 Gold Mining
22:55 Horse Collar
23:43 Scale Mail Armor
31:32 Wheelbarrow
32:43 Fortified Wall
34:53 Murder Holes
38:29 Heavy Plow
43:45 Imperial Age
41:38 Fletching
41:49 Padded Archer Armor
42:50 Ballistics
43:23 Hand Cart
43:09 Bodkin Arrow
43:30 Leather Archer Armor
43:12 Crossbowman
44:02 Thumb Ring
44:47 Bracer
olli_kiriku
2:36 Loom
10:53 Feudal Age
11:38 Double-Bit Axe
17:03 Castle Age
15:43 Scale Mail Armor
16:15 Horse Collar
17:10 Gold Mining
18:18 Stone Mining
20:28 Forging
23:51 Stone Shaft Mining
24:47 Wheelbarrow
27:20 Bow Saw
27:40 Heavy Plow
29:46 Hand Cart
30:47 Elite Skirmisher
34:56 Imperial Age
32:52 Fervor
33:03 Sanctity
32:55 Redemption
32:46 Atonement
32:47 Devotion
33:08 Heresy
32:53 Herbal Medicine
33:17 Chain Mail Armor
33:39 Iron Casting
33:26 Crossbowman
34:13 Padded Archer Armor
34:04 Fletching
34:46 Ballistics
34:07 Treadmill Crane
34:23 Murder Holes
34:39 Fortified Wall
34:55 Eagle Warrior
35:39 Squires
35:26 Arson
36:09 Leather Archer Armor
38:01 Bodkin Arrow
39:06 Conscription
38:08 Elite Jaguar Warrior
40:36 Chemistry
40:45 Plate Mail Armor
40:33 Bracer
41:17 Garland Wars
41:03 Atlatl
41:48 Arbalester
Suuuuzie
10:03 Feudal Age
14:08 Castle Age
12:29 Double-Bit Axe
18:44 Man-at-Arms
19:26 Long Swordsman
20:38 Squires
21:39 Scale Mail Armor
24:28 Chain Mail Armor
24:55 Horse Collar
26:09 Fletching
26:32 Forging
28:33 Heavy Plow
29:28 Wheelbarrow
28:38 Loom
28:38 Town Watch
35:12 Imperial Age
33:27 Iron Casting
33:54 Hand Cart
33:39 Town Patrol
35:30 Husbandry
35:41 Bloodlines
35:42 Scale Barding Armor
36:06 Detinets
35:42 Two-Handed Swordsman
35:47 Two-Handed Swordsman
37:00 Champion
38:17 Plate Mail Armor
40:01 Elite Boyar
41:45 Blast Furnace
44:12 Chain Barding Armor
K.T.
0:27 Loom
11:29 Feudal Age
16:42 Castle Age
14:33 Horse Collar
15:46 Stone Mining
16:00 Double-Bit Axe
18:13 Gold Mining
26:52 Kasbah
29:18 Heavy Plow
30:12 Wheelbarrow
29:22 Town Watch
31:07 Fletching
31:17 Padded Archer Armor
35:06 Imperial Age
36:09 Bow Saw
35:22 Elite Camel Archer
36:23 Conscription
37:14 Crop Rotation
37:04 Hand Cart
36:50 Town Patrol
37:22 Ballistics
37:29 Bodkin Arrow
37:49 Leather Archer Armor
39:56 Chemistry
38:58 Bracer
39:13 Leather Archer Armor
39:58 Bloodlines
39:48 Husbandry
40:33 Light Cavalry
41:23 Scale Barding Armor
41:28 Forging
41:52 Hussar
43:55 Chain Barding Armor
45:15 Maghrebi Camels
Connection lost

Rejoining the realm…

Still unreachable

The connection could not be restored.

Session expired

The server has moved on; the page needs a fresh start.